[Event "SixDays Budapest March IM B 2025"]
[Site "Budapest"]
[Date "2025.03.25"]
[Round "2.1"]
[White "Chakrabarty, Reyaansh"]
[Black "Kolimar, Kristof Pal"]
[Result "0-1"]
[Annotator "TA"]
[ECO "C54"]
[WhiteElo "2181"]
[BlackElo "2284"]
[PlyCount "126"]
[EventDate "2025.03.23"]
[EventCountry "HUN"]
[SourceTitle "playchess.com"]
[Source "ChessBase"]
[SourceQuality "1"]
[TimeControl "5400+30"]

1. e4 e5 2. Nf3 Nc6 3. Bc4 Bc5 4. c3 Nf6 5. d4 exd4 6. e5 d5 7. Bb5 Ne4 8. cxd4 Bb6 9. Nc3 O-O 10. Be3 {[%emt 0:00:03] C54: Giuoco Piano: 4 c3 Nf6, main lines with 5 d4 and 5 d3.} Bg4 11. h3 Bh5 12. Qc2 {[%emt 0:00:46] The position is equal.} Nxc3 13. bxc3 {[%emt 0:00:07] A sharp opening} Qe7 $146 (13... f6 14. Bxc6 bxc6 15. exf6 Qxf6 16. Ne5 Qe6 17. O-O c5 18. f4 Bg6 19. Qa4 cxd4 20. cxd4 {½-½ Anton Guijarro,D (2669)-Svane,R (2633) CrunchLab Masters Div 3 W rapid 2024 (2.3)}) 14. Be2 f6 15. exf6 Qxf6 16. O-O Ne7 17. Ne5 Bxe2 18. Qxe2 Qe6 {[%emt 0:03:56] Wards off Nd7} 19. a4 c6 20. f4 Nf5 21. Rfb1 Nd6 22. a5 Bc7 23. a6 b5 24. Qd3 Ne4 25. Rf1 Rae8 26. Rf3 Bb6 (26... Rb8 $15) 27. Kh2 (27. g4 $11) 27... Qc8 28. Qc2 Bd8 29. Bc1 Rf6 30. Qe2 Bc7 31. Qe3 {[%emt 0:04:56] [#]} (31. Kg1 $11) 31... Bd6 {[%emt 0:02:07] Black is more active.} (31... c5 $1 $17 {and ...c4 should not be overlooked} 32. Ba3 c4 (32... Rxa6 33. dxc5 b4 34. Qd4 $19) (32... Qxa6 33. Qe1 $19)) 32. Bb2 (32. Qd3 $15) 32... Ref8 (32... c5 $17 {With the idea ...c4.} 33. dxc5 Qxc5 (33... Bxc5 34. Qd3 $15) 34. Qxc5 Nxc5 (34... Bxc5 35. Bc1 $11)) 33. Rff1 {[%emt 0:00:53] White does not recover from this.} (33. Ba3 $11 {and White stays safe.}) 33... c5 $36 {[%emt 0:01:58][%mdl 2048] Black has strong initiative.} 34. Ra5 $2 (34. Rf3 $17) 34... Bc7 35. Rxb5 {[%emt 0:06:52] and c4 would now be decisive} Qxa6 (35... Rxa6 36. c4 (36. dxc5 $2 Bxe5 37. c4 Bxb2 $19) 36... Ra2 37. Bc1 $15 (37. dxc5 Rxb2 38. Rxb2 Bxe5 $11) (37. cxd5 Nd6 $17)) 36. Qe2 Nd6 (36... Rxf4 $2 37. Rxf4 Re8 (37... Rxf4 $2 38. Rb8+ Bxb8 39. Qxa6 $18) 38. Rb8 $18) 37. c4 Nxb5 (37... Rxf4 38. Rxf4 Rxf4 39. Rxc5 $16) 38. cxb5 Qe6 39. Qe3 c4 40. Bc3 Rb8 41. Ra1 Rxb5 42. Rxa7 Bb8 43. Ra8 Rf8 44. g4 Rb3 45. Qd2 Re8 46. Ra1 Bc7 47. Re1 Qd6 48. Qc2 Rf8 49. Qd2 Qa3 50. Re3 (50. Ra1 $142 Qd6 51. Rc1) 50... Kh8 51. Kg2 {[%emt 0:04:17] [#]} Ba5 $1 52. Bxa5 Rxe3 53. Bb4 {[%emt 0:00:05] [#]} Re2+ 54. Qxe2 $19 Qxb4 {[%emt 0:00:03][%mdl 4096] Endgame KQR-KQN} 55. Nd7 Ra8 (55... Rxf4 $2 {perishes.} 56. Qe8+ $18) 56. Nc5 {[%emt 0:01:02] Prevents Qb3} Qa3 57. Qe1 Qb2+ 58. Kg3 Qxd4 {[%emt 0:00:27] ( -> ...Ra3+)} 59. Ne6 Ra3+ 60. Kh4 Qe3 (60... Qf6+ $142 61. g5 Qf5 62. Qg3 Rxg3 63. Kxg3 Qxe6 64. h4 c3 65. h5 c2 66. h6 c1=Q (66... c1=B {is a self mate.} 67. hxg7+ Kxg7 68. Kf3 Qh3+ 69. Kf2 Bxf4 70. g6 Qg3+ 71. Kf1 Be3 72. Ke2 Qf2+ 73. Kd3 Qd2#) (66... c1=R 67. hxg7+ Kxg7 68. Kf3 Qh3+ 69. Ke2 Rc2+ 70. Kd1 Qd3+ 71. Ke1 Qe2#) 67. hxg7+ Kxg7 68. f5 Qxg5+ 69. Kf2 Qee3+ 70. Kf1 Qgg1#) 61. Qb4 Qxh3+ {[%emt 0:00:08] Black mates.} 62. Kg5 Qh6+ 63. Kf5 Qf6# {[%emt 0:00:02] Weighted Error Value: White=1.01/Black=0.43  Mistake:       	White=6     	Black=3      Inaccurate:     	White=6     	Black=4      OK:         	White=12    	Black=23     Best:        	---       	Black=1} 0-1

[Event "SixDays Budapest March IM B 2025"]
[Site "Budapest"]
[Date "2025.03.25"]
[Round "2.2"]
[White "Pavan Karthikeya Varma Gunturi"]
[Black "Horvath, David"]
[Result "1/2-1/2"]
[Annotator "NA RC"]
[ECO "C11"]
[WhiteElo "2015"]
[BlackElo "2279"]
[PlyCount "253"]
[EventDate "2025.03.23"]
[EventCountry "HUN"]
[SourceTitle "playchess.com"]
[Source "ChessBase"]
[SourceQuality "1"]
[TimeControl "5400+30"]

1. e4 e6 2. d4 d5 3. Nc3 Nf6 4. Bg5 dxe4 5. Nxe4 Nbd7 6. Nf3 h6 7. Nxf6+ Nxf6 8. Bh4 c5 9. Bb5+ Bd7 10. Bxd7+ Qxd7 11. O-O cxd4 12. Bxf6 gxf6 13. Qxd4 Qxd4 14. Nxd4 O-O-O 15. Rad1 Bc5 16. Nb3 Bb6 17. Rfe1 Rhg8 18. Kf1 Rg4 19. Rxd8+ Kxd8 20. f3 Rh4 21. h3 Ra4 22. a3 Rc4 23. c3 f5 24. Nc1 Ke7 25. Nd3 h5 26. Rd1 f6 27. Rc1 e5 28. b3 Rc8 29. c4 Bd4 30. Rc2 Ke6 31. Nb4 a5 32. Nd5 a4 33. bxa4 Rc5 34. Rc1 Ra5 35. Rb1 Rxa4 36. Rxb7 Rxc4 37. Nc7+ Kd7 38. Na6+ Kd6 39. Nb4 Rc3 40. Rh7 Bc5 41. Rh6 Bxb4 42. axb4 Ke6 43. Rxh5 Rb3 44. Rh8 Rxb4 45. Re8+ Kf7 46. Ra8 Rb1+ 47. Kf2 Rb2+ 48. Kf1 f4 49. Ra6 Rb1+ 50. Kf2 Rb2+ 51. Kf1 Rc2 52. Ra7+ Kg6 53. Re7 Ra2 54. Kg1 Kg5 55. Rg7+ Kh6 56. Rf7 Kg6 57. Re7 Ra5 58. Re6 Ra1+ 59. Kf2 Ra2+ 60. Kf1 Kg5 61. Re8 Kh4 62. Kg1 Ra1+ 63. Kf2 Ra2+ 64. Kg1 f5 65. Rh8+ Kg5 66. Rg8+ Kh4 67. Rh8+ Kg5 68. Rg8+ Kf6 69. Rf8+ Kg6 70. Kf1 Kg5 71. Rg8+ Kh4 72. Kg1 Rb2 73. Rh8+ Kg5 74. Rg8+ Kf6 75. Rf8+ Kg6 76. Kf1 Rb7 77. Kf2 Rf7 78. Rxf7 Kxf7 79. g3 fxg3+ 80. Kxg3 Kg6 81. Kg2 Kg5 82. Kg3 Kh5 83. h4 Kh6 84. Kh2 Kg6 85. Kg2 Kh7 86. Kh1 Kh6 87. Kh2 Kh5 88. Kh3 f4 89. Kg2 Kxh4 90. Kh2 Kg5 91. Kg1 Kf5 92. Kf1 Kf6 93. Kf2 Ke7 94. Ke1 Kd6 95. Kd2 Kc5 96. Kc3 Kc6 97. Kc2 Kb5 98. Kd3 Kc6 99. Kc2 Kb6 100. Kd3 Kc7 101. Kc3 Kd6 102. Kd2 Kd5 103. Kd3 Ke6 104. Ke2 Ke7 105. Ke1 Kd7 106. Kd1 Kc7 107. Kc1 Kb6 108. Kd2 Kb7 109. Kd3 Kc6 110. Kc2 Kc5 111. Kc3 Kb5 112. Kd3 Kc6 113. Kc2 Kd5 114. Kd3 Ke6 115. Ke2 Kf5 116. Kf1 Kf6 117. Kf2 Kf7 118. Kf1 Ke7 119. Ke1 Kd7 120. Kd1 Kc7 121. Kc1 Kb7 122. Kd1 Ka6 123. Ke2 Kb6 124. Kd2 Kc5 125. Kc3 Kb5 126. Kd3 Kc6 127. Kc2 1/2-1/2

[Event "SixDays Budapest March IM B 2025"]
[Site "Budapest"]
[Date "2025.03.25"]
[Round "2.3"]
[White "Katsanis, Vasileios Dim"]
[Black "Vuelban, Virgilio"]
[Result "1-0"]
[Annotator "TA"]
[ECO "A50"]
[WhiteElo "2253"]
[BlackElo "2244"]
[PlyCount "67"]
[EventDate "2025.03.23"]
[EventCountry "HUN"]
[SourceTitle "playchess.com"]
[Source "ChessBase"]
[SourceQuality "1"]
[TimeControl "5400+30"]

1. d4 Nf6 2. c4 Nc6 3. Nf3 e6 4. Nc3 Bb4 5. Qc2 O-O 6. a3 Bxc3+ 7. Qxc3 a5 8. b3 d6 9. Bb2 Qe7 10. e3 Re8 11. Nd2 $146 {[%emt 0:07:22] E33: Nimzo-Indian: Classical: 4...Nc6.} (11. Be2 e5 12. dxe5 dxe5 13. O-O Bg4 14. h3 Bh5 15. Rfe1 Ne4 16. Qc2 Bg6 17. Bd3 Nc5 18. Bxg6 hxg6 {0-1 Molina,R (2434)-Sadhwani,R (2603) Titled Tuesday intern op 07th Sept blitz 2021 (9)}) 11... e5 12. d5 Nd4 13. Bd3 $1 {[%emt 0:04:46] White is slightly better.} c5 14. O-O $1 $16 (14. exd4 $2 exd4+ 15. Kd1 dxc3 $19) 14... Nf5 15. Bxf5 (15. a4 $16) 15... Bxf5 $11 16. b4 b6 17. f3 a4 18. b5 Bd7 19. g4 (19. Rae1 $14) 19... h6 20. e4 Nh7 21. Qe3 Nf8 22. Nb1 Ng6 23. Nc3 {[%emt 0:00:14] [#]} h5 $1 24. gxh5 {[%emt 0:01:07][%csl Oh2,Oh5] White has weak pawns} (24. Bc1 hxg4) 24... Nf4 25. Kh1 Qh4 26. Ne2 Nxe2 27. Qxe2 Qxh5 28. Qe3 g5 29. Rg1 f6 30. f4 ({White should play} 30. Rg3 $15) 30... Bg4 $19 31. Raf1 {[%emt 0:01:15] Prevents Bf3+} (31. Rxg4 $17 Qxg4 32. fxe5 dxe5 (32... fxe5 33. Rg1 $18) 33. Rg1) 31... exf4 32. Qc3 {[%emt 0:03:53][%cal Og1g4] Hoping for Rxg4!.} Rf8 {[%emt 0:00:25] and ...Rae8 would now be decisive} ({Worse is} 32... Rxe4 33. Rxg4 Qxg4 34. Qxf6 $14) 33. Rf2 Be2 $4 {[%emt 0:00:32][%mdl 8192] [#]} (33... Rae8 $19 {and all is fine.} 34. Qd3 Kg7 (34... f5 $2 35. e5 $19)) 34. Rxe2 $1 {[%emt 0:01:06] Weighted Error Value: White=0.49/Black=0.46  Loses game:     	White=1     	---        Missed win:     	---       	Black=1      Mistake:       	White=3     	Black=1      Inaccurate:     	White=2     	Black=2      OK:         	White=4     	Black=8      Best:        	---       	Black=4      Strong:       	White=2     	---        Brilliant:      	White=1     	---} 1-0

[Event "SixDays Budapest March IM B 2025"]
[Site "Budapest"]
[Date "2025.03.25"]
[Round "2.4"]
[White "Savanovic, Aleksandar"]
[Black "Shah, Vishwa"]
[Result "1/2-1/2"]
[Annotator "TA"]
[ECO "C70"]
[WhiteElo "2355"]
[BlackElo "2172"]
[PlyCount "63"]
[EventDate "2025.03.23"]
[EventCountry "HUN"]
[SourceTitle "playchess.com"]
[Source "ChessBase"]
[SourceQuality "1"]
[TimeControl "5400+30"]

1. e4 e5 2. Nf3 Nc6 3. Bb5 a6 4. Ba4 Bc5 5. O-O Nge7 6. c3 Ng6 {[%emt 0:00:27] C64: Ruy Lopez: Classical Defence (3...Bc5) except 4 0-0 Nf6.} 7. d4 Ba7 8. Bg5 f6 {[%emt 0:00:13] White is slightly better.} 9. Be3 O-O 10. Re1 {[%emt 0:01:50] White is more active.} d6 11. h3 Kh8 12. Nbd2 a5 13. Nf1 exd4 14. cxd4 d5 15. Ng3 $146 ({Predecessor:} 15. Bxc6 bxc6 16. e5 fxe5 17. dxe5 c5 18. Ng5 Nxe5 19. Bf4 Qf6 20. Qxd5 Qxf4 21. Rxe5 {0-1 Dumanuly,S (2218)-Shah,V (2127) Pozarevac Rudar IM2 12 2024 (4)}) 15... Be6 16. Bxc6 bxc6 {[%emt 0:00:06] The position is equal.} 17. b3 dxe4 18. Nxe4 Bd5 19. Nc3 Bf7 20. Rc1 Qd7 21. Na4 Rfe8 22. Nc5 Qd5 (22... Bxc5 {simplifies} 23. Rxc5 a4 24. bxa4 Bxa2 25. a5 Bd5) 23. Nd2 Nh4 {[%emt 0:09:42][%csl Gh4][%cal Rd5g2] [#]} 24. Qg4 Nf5 25. Qf4 Bb6 26. Nde4 g5 (26... Nxd4 $2 {too greedy.} 27. Nxf6 Qe5 28. Nxe8 Qxf4 29. Bxf4 $18) 27. Qf3 Bxc5 28. Rxc5 Qxe4 29. Qxe4 Rxe4 30. Rxf5 Kg7 31. Rc5 Bd5 32. f3 {Weighted Error Value: White=0.08 (flawless) /Black=0.02 (flawless)   Inaccurate:     	White=2     	---        OK:         	White=12    	Black=14     Best:        	---       	Black=3} 1/2-1/2

[Event "SixDays Budapest March IM B 2025"]
[Site "Budapest"]
[Date "2025.03.25"]
[Round "2.5"]
[White "Suder, Jakub"]
[Black "Banerjee, Supratit"]
[Result "1-0"]
[Annotator "TA"]
[ECO "B12"]
[WhiteElo "2347"]
[BlackElo "2250"]
[PlyCount "73"]
[EventDate "2025.03.23"]
[EventCountry "HUN"]
[SourceTitle "playchess.com"]
[Source "ChessBase"]
[SourceQuality "1"]
[TimeControl "5400+30"]

1. e4 c6 2. d4 d5 3. e5 Bf5 4. Nd2 e6 5. Nb3 Nd7 6. Nf3 Qc7 {[%emt 0:00:29] is recently more successful than 6...Ne7. B12: Caro-Kann: Advance Variation.} 7. Be2 c5 8. c3 h6 {[%emt 0:00:06] White has an edge.} 9. O-O c4 10. Nbd2 b5 11. a3 a5 12. Ne1 Ne7 13. Nc2 Qb6 $146 (13... Bh7 $11 {keeps the balance.}) (13... Bh7 14. g4 Nc6 15. f4 f6 16. Ne3 fxe5 17. fxe5 Be7 18. Ng2 g5 19. Nf3 a4 {0-1 Cornette,M (2527)-Ghasi,A (2505) Stafford Wood Green 2025 (9)}) 14. Kh1 (14. a4 $16) 14... Bh7 (14... a4 $11) 15. f4 (15. a4 $1 $14) 15... Bxc2 16. Qxc2 Nf5 17. Rf3 {[%emt 0:04:49] Black is on the road to losing.} h5 {[%emt 0:02:48] [#]} 18. Rh3 $1 Qd8 (18... g6 $16) 19. g4 $18 (19. Rxh5 $2 {perishes.} Rxh5 20. Bxh5 Qh4 21. Bxf7+ Kxf7 $19) (19. Bxh5 g6 $16) 19... Nh4 20. gxh5 Nf5 21. Nf1 Qb6 22. Bg4 Nh6 (22... Ne7 23. Qg2 O-O-O) 23. Bf3 a4 24. Ne3 O-O-O 25. f5 Be7 $2 (25... Nb8 26. fxe6 Qxe6) 26. Rg3 Rdg8 27. Bd2 {[%emt 0:00:54] [#] Black must now prevent fxe6.} Bh4 $2 (27... Nxf5 {is a better defense.} 28. Nxf5 exf5 29. Qxf5 (29. Bxd5 Rxh5 30. Bxf7 Qb7+ 31. Rg2 Rgh8 $18) 29... Qe6 30. Qxe6 fxe6) 28. Rg2 {[%emt 0:01:25] White is clearly winning.} Be7 29. Rag1 Bf8 (29... Qd8 $142 30. Rxg7 Rxg7) 30. fxe6 fxe6 31. Rg6 Nf7 32. Nxd5 Qa6 33. Nf4 Nd8 34. Qe4 Be7 35. Rxg7 Re8 36. Ng6 Bf8 37. Rxd7 {[%emt 0:00:16] Weighted Error Value: White=0.40/Black=0.92  Mistake:       	White=2     	Black=7      Inaccurate:     	White=2     	Black=4      OK:         	White=11    	Black=5      Best:        	White=2     	---        Strong:       	White=1     	---} 1-0